 Dungeon Crawl Stone Soup version 0.30.1-11-g7821555f0a (webtiles) character file.

Game seed: 2301806160624802470

122 lonewolfV2 the Trooper (level 4, -1/39 HPs)
             Began as a Demonspawn Fighter on Nov 15, 2023.
             Slain by a gnoll
             ... wielding a +0 halberd
              (6 damage)
             ... on level 3 of the Dungeon.
             The game lasted 00:03:37 (1569 turns).

lonewolfV2 the Trooper (Demonspawn Fighter)         Turns: 1569, Time: 00:03:38

Health: -1/39      AC: 14    Str: 19    XL:     4   Next: 78%
Magic:  4/4        EV:  7    Int:  9    God:
Gold:   145        SH:  8    Dex: 12    Spells: 3/3 levels left

rFire   . . .        a - +0 war axe
rCold   . . .        c - +0 buckler
rNeg    . . .        i - +1 plate armour
rPois   .            (no helmet)
rElec   .            g - +0 cloak
rCorr   .            f - +0 pair of gloves
SInv    +            (no boots)
Will    .....        (no amulet) Stlth
                     b - ring of see invisible
HPRegen 0.26/turn    (no ring)
MPRegen 0.09/turn

%: no passive effects
@: hasted, invisible, very quick
A: repulsion field 1, condensation shield
a: no special abilities


You were on level 3 of the Dungeon.
You visited 1 branch of the dungeon, and saw 3 of its levels.

You collected 145 gold pieces.

Inventory:

Hand Weapons
 a - a +0 war axe (weapon)
Armour
 c - a +0 buckler (worn)
 f - a +0 pair of gloves (worn)
 g - a +0 cloak (worn)
 i - a +1 plate armour (worn)
Jewellery
 b - a ring of see invisible (left hand)
Scrolls
 e - a scroll of enchant weapon {unknown}
 l - 2 scrolls of amnesia
 n - 3 scrolls of identify
 o - a scroll of vulnerability {unknown}
Potions
 d - a potion of might
 j - a potion of curing {unknown}
 k - a potion of invisibility
 m - a potion of flight
 p - a potion of degeneration


   Skills:
 * Level 5.6 Fighting
 - Level 1.7 Axes
 - Level 2.6 Armour
 - Level 2.6 Shields


You had 3 spell levels left.
You didn't know any spells.
Your spell library was empty.

Dungeon Overview and Level Annotations

Branches:
Dungeon (3/15)

Altars:

Shops:
D:2 *


Innate Abilities, Weirdness & Mutations

You are surrounded by a mild repulsion field. (EV +2)
A meltable shield of frost defends you. (SH +4)


Message History

A gnoll comes into view. It is wielding a +0 halberd.
The gnoll moves out of view.
A gnoll comes into view. It is wielding a +0 halberd.
There are monsters nearby!
The gnoll moves out of view.
You open the door.
A worm comes into view.
Found a stone staircase leading up.
There is an open door here.
You block the gnoll's attack.
You slash the gnoll!
The gnoll is severely wounded.
The gnoll hits you with a +0 halberd!
You hit the gnoll.
The gnoll is almost dead.
The gnoll hits you from afar with a +0 halberd.
The gnoll hits you but does no damage. You block the gnoll's attack. x2
You slash the gnoll!
You kill the gnoll!
The gnoll throws a throwing net.
The throwing net hits you.
You become entangled in the net!
You struggle against the net.
The gnoll hits you from afar with a +0 halberd.
You struggle against the net.
The gnoll hits you but does no damage.
You struggle against the net.
The gnoll shouts!
You hear a bark!
The gnoll hits you from afar with a +0 halberd!
* * * LOW HITPOINT WARNING * * *
You struggle against the net.
The gnoll hits you but does no damage.
You rip the net and break free!
The gnoll hits you from afar with a +0 halberd.
* * * LOW HITPOINT WARNING * * *
A hound comes into view.
The gnoll hits you with a +0 halberd.
* * * LOW HITPOINT WARNING * * *
You see here a +0 halberd.
You fade into invisibility!
You feel yourself speed up. The gnoll hits you but does no damage.
The gnoll hits you with a +0 halberd.
You die...

#....# #.# #....#
#.####
#....#+#....# #
#.##........#
#.##. #........#
# ... #........#
.#..#.##........#
...$..gg#'#######
.#.#.#h@.# ..
#.#.#


gw. #...<. .g ....### . ...... #.##..## .. #... #.# #..## You could see a hound
and 2 gnolls.

Vanquished Creatures
  A gnoll (D:3)
  3 adders (D:2)
  2 worms (D:2)
  A dart slug (D:1)
  2 orcs (D:3)
  4 bats
  7 endoplasms
  A giant cockroach (D:1)
  10 goblins
  3 hobgoblins (D:1)
  3 jackals (D:2)
  7 kobolds
  5 quokkas
  7 ball pythons
  12 frilled lizards
  5 rats
73 creatures vanquished.

Notes
Turn   | Place    | Note
-------+----------+-------------------------------------------
     0 | D:1      | lonewolfV2 the Demonspawn Fighter began the quest for the
                  | Orb.
     0 | D:1      | Reached XP level 1. HP: 18/18 MP: 1/1
   190 | D:1      | Gained mutation: A meltable shield of frost defends you.
                  | (SH +4) [demonic ancestry]
   190 | D:1      | Reached XP level 2. HP: 24/24 MP: 2/2
   474 | D:1      | Reached skill level 4 in Fighting
   624 | D:1      | Gained mutation: You are surrounded by a mild repulsion
                  | field. (EV +2) [demonic ancestry]
   624 | D:1      | Reached XP level 3. HP: 30/30 MP: 3/3
   924 | D:2      | Reached XP level 4. HP: 31/38 MP: 4/4
   932 | D:2      | Reached skill level 5 in Fighting
  1037 | D:2      | Found Gulluvid's Assorted Antiques.
  1569 | D:3      | Slain by a gnoll

Illustrated notes

Levels and vault maps discovered:
D:1:      minmay_arrival_loop, layout_loops_cross
D:2:      minmay_skewed_foursquare, layout_rooms, serial_shops, shop,
          grunt_decor_one_mirror, minmay_lizard_pond
D:3:      layout_basic, mainiacjoe_overflow_surrounded_room, serial_rivers,
          chequers_serial_rivers_micro_b, chequers_serial_rivers_micro_d,
          chequers_serial_rivers_small_b, chequers_serial_rivers_marsh,
          chequers_serial_rivers_micro_a, chequers_serial_rivers_micro_c

Skill      XL: |  1  2  3  4 |
---------------+-------------+-----
Fighting       | 4 5 |  5.6
Axes           | |  1.7
Armour         | |  2.6
Shields        | |  2.6

Action                     |  1- 3 |  4- 6 || total
---------------------------+-------+-------++-------
  Melee: War axe           |   108 |    82 ||   190
    Use: Scroll            |       |     9 ||     9
         Potion            |       |     2 ||     2
 Armour: Scale mail        |    21 |       ||    21
         Plate armour      |    38 |    70 ||   108
  Dodge: Dodged            |    36 |    28 ||    64
  Block: Buckler           |    56 |    50 ||   106
